 Dungeon Crawl Stone Soup version 0.20-a0-1017-gc3250ce (webtiles) character file.

1519 dvd the Magician (level 8, -6/54 HPs)
             Began as a Red Draconian Ice Elementalist on Apr 16, 2017.
             Was a Believer of Hepliaklqana.
             Mangled by a wight
             ... wielding a cursed +5 halberd
              (7 damage)
             ... on level 6 of the Dungeon.
             The game lasted 00:21:57 (5741 turns).

dvd the Magician (Red Draconian Ice Elementalist)   Turns: 5741, Time: 00:21:58

Health: -6/54      AC: 15    Str: 10    XL:     8   Next: 54%
Magic:  0/15       EV: 13    Int: 17    God:    Hepliaklqana [**....]
Gold:   168        SH:  0    Dex: 13    Spells: 10/17 levels left

rFire    + . .     SeeInvis .   a - +1 war axe
rCold    . . .     Gourm    .   (no shield)
rNeg     . . .     Faith    .   (armour unavailable)
rPois    .         Spirit   .   (helmet restricted)
rElec    .         Reflect  .   (no cloak)
rCorr    .         Harm     .   l - +2 pair of gloves
MR       .....                  (no boots)
Stlth    ++........             (no amulet)
Regen    0.2/turn               h - ring of flight
MPRegen  0.2/turn               (no ring)

@: icy armour, drained, slow
A: breathe fire, unfitting armour, reduced essence, fire resistance 1,
cold-blooded, AC +6
a: Breathe Fire, Recall Ancestor, Ancestor Identity, Renounce Religion, Evoke
Flight


You were on level 6 of the Dungeon.
You worshipped Hepliaklqana.
Hepliaklqana was pleased with you.
You were hungry.

You visited 1 branch of the dungeon, and saw 6 of its levels.

You collected 168 gold pieces.

Inventory:

Hand Weapons
 a - a +1 war axe (weapon)
 g - a +0 dagger
 j - a +0 short sword
 y - a +0 dagger
Armour
 l - a +2 pair of gloves (worn)
Jewellery
 h - a ring of flight (left hand)
Wands
 q - a wand of paralysis (9/24)
Scrolls
 e - a scroll of recharging
 o - 3 scrolls of identify
 w - a scroll of random uselessness
 D - a scroll of blinking
Potions
 c - 3 potions of heal wounds
 f - 4 potions of curing {unknown}
 k - 3 potions of agility {unknown}
 m - 3 potions of flight {unknown}
 n - a potion of brilliance {unknown}
 s - a potion of invisibility
 t - a potion of might {unknown}
 u - a potion of resistance {unknown}
 v - 3 potions of haste {unknown}
 z - a potion of degeneration {unknown}
 A - a potion of lignification {unknown}
Books
 i - a book of Frost

   Spells                             Type                      Level
   a - Freeze                         Ice                          1
   b - Throw Frost                    Conjuration/Ice              2
   c - Ozocubu's Armour               Charms/Ice                   3
   d - Throw Icicle                   Conjuration/Ice              4
   e - Summon Ice Beast               Ice/Summoning                4
 x - a book of Air

   Spells                             Type                      Level
   a - Shock                          Conjuration/Air              1
   b - Swiftness                      Charms/Air                   2
   c - Static Discharge               Conjuration/Air              3
   d - Airstrike                      Air                          4
   e - Lightning Bolt                 Conjuration/Air              5
Comestibles
 b - 4 bread rations
 d - 6 fruits
 p - 2 meat rations
 r - 2 royal jellies
 C - 3 chunks of flesh


   Skills:
 + Level 2.2(1.4) Fighting
 + Level 0.2(0.0) Short Blades
 + Level 4.9(4.0) Axes
 + Level 3.5(2.7) Dodging
 + Level 2.9(2.1) Stealth
 + Level 5.0(4.1) Spellcasting
 + Level 2.0(1.2) Conjurations
 + Level 2.1(1.3) Charms
 + Level 4.8(4.0) Ice Magic
 + Level 0.8(0.0) Air Magic


You had 10 spell levels left.
You knew the following spells:

 Your Spells              Type           Power        Failure   Level  Hunger
a - Freeze                Ice            ###.         2%          1    None
b - Throw Frost           Conj/Ice       ##....       10%         2    ##.....
c - Ozocubu's Armour      Chrm/Ice       ##......     17%         3    ###....
d - Shock                 Conj/Air       #...         14%         1    None


Dungeon Overview and Level Annotations

Branches:
Dungeon (6/15)
 Temple: D:4-7

Altars:
Fedhas
Hepliaklqana
Nemelex Xobeh
Okawaru
Trog
Vehumet
Wu Jian
Xom
Zin

Annotations:
D:4 alfred1011's ghost, amateur HaHu


Innate Abilities, Weirdness & Mutations

You can breathe blasts of fire.
Your fiery red scales are hard. (AC +6)
You cannot fit into any form of body armour.
Your flesh is heat resistant. (rF+)
You are cold-blooded and may be slowed by cold attacks.
Your life essence is reduced. (-10% HP)


Message History

Casting: Shock
Confirm with . or Enter, or press ? or * to list all spells.
Aiming: Shock
Press: ? - help, Shift-Dir - straight line, f/p - wight
Aim: a wight, wielding an enchanted falchion and wearing a robe (severely damaged)
The zap hits the wight.
The wight is severely damaged.
The zap misses the wight.
The zap hits the wight.
The wight is heavily damaged.
The zap hits the orc wizard.
The orc wizard is almost dead.
You are feeling hungry.
The wight closely misses you. The wight barely misses you.
You closely miss the wight.
The wight is severely damaged.
The wight barely misses you.
The wight hits you from afar with an enchanted halberd!
* * * LOW HITPOINT WARNING * * *
You feel drained.
You die...

#........ #. #.# ## ###.###..##
#.# #.#.. .........# # #.# #.#.#
###.###..#
#.####.######.#.######......## #
..................##.......# #.
..........#.###.##.......#
##.####.##.###.......##....(...
....>.....ozzz@................
#.#.#..##.###.#.#...#...###.#.
####.#.#..##......÷....#...)...#.
........z.##.###.################
.................# #
####..o...##.###.# #
...#.#.#..##.###.# ####
##.#†#...........# ##...
.................# #....


You could see 3 wights and an orc wizard.

Vanquished Creatures
  A wyvern (D:4)
  Menkaure (D:5)
  2 ogres (D:5)
  A centaur (D:5)
  2 bullfrogs (D:6)
  2 scorpions
  3 crimson imps
  3 orc wizards
  An orc priest (D:3)
  2 worker ants (D:6)
  An iguana (D:6)
  A hound skeleton (D:4)
  2 worker ant zombies (D:5)
  A gnoll (D:3)
  3 adders
  A shadow imp (D:4)
  An adder skeleton (D:5)
  3 worms
  2 dart slugs
  3 leopard geckos
  16 orcs
  3 giant cockroaches
  5 goblins
  4 hobgoblins
  8 jackals
  2 quokkas (D:4)
  2 ball pythons (D:3)
  9 bats
  6 frilled lizards
  A jackal skeleton (D:5)
  A jackal zombie (D:5)
  4 kobolds (D:2)
  A leopard gecko skeleton (D:6)
  11 rats
109 creatures vanquished.

Vanquished Creatures (collateral kills)
  A water moccasin (D:5)
  An ogre (D:5)
  A howler monkey (D:6)
  An orc wizard (D:5)
  2 gnolls (D:3)
  An adder skeleton (D:5)
  2 worms
  2 orcs
  2 giant cockroaches
  A goblin (D:2)
  A jackal (D:6)
  2 kobolds (D:2)
  A quokka (D:2)
  A quokka zombie (D:5)
19 creatures vanquished.

Vanquished Creatures (others)
  A hexer (D:6)
  2 ancestors
  A kobold (D:2)
4 creatures vanquished.

Grand Total: 132 creatures vanquished

Notes
Turn   | Place    | Note
-------+----------+-------------------------------------------
     0 | D:1      | dvd the Draconian Ice Elementalist began the quest for the Orb.
     0 | D:1      | Reached XP level 1. HP: 14/14 MP: 3/3
     6 | D:1      | Noticed a rime drake
     6 | D:1      | Noticed an iguana
     6 | D:1      | Noticed a water moccasin
     7 | D:1      | Noticed a black bear
   742 | D:1      | Reached XP level 2. HP: 20/20 MP: 3/5
   801 | D:2      | Learned a level 2 spell: Throw Frost
   850 | D:2      | Found a hazy altar of Hepliaklqana.
   864 | D:2      | Became a worshipper of Hepliaklqana the Forgotten
  1031 | D:2      | Found an iron altar of Okawaru.
  1477 | D:2      | Reached XP level 3. HP: 16/23 MP: 0/6
  1786 | D:2      | Found a radiant altar of Vehumet.
  1872 | D:2      | Learned a level 3 spell: Ozocubu's Armour
  1919 | D:2      | Found a glowing silver altar of Zin.
  2033 | D:3      | Found a blossoming altar of Fedhas.
  2118 | D:3      | Reached * piety under Hepliaklqana
  2157 | D:3      | Found an ornate altar of the Wu Jian Council.
  2354 | D:3      | Reached XP level 4. HP: 29/29 MP: 4/7
  2601 | D:3      | Found a sparkling altar of Nemelex Xobeh.
  2771 | D:3      | Reached skill level 1 in Axes
  2956 | D:3      | Reached XP level 5. HP: 10/34 MP: 2/9
  3424 | D:4      | Noticed alfred1011's ghost (amateur HaHu)
  3863 | D:4      | Found a shimmering altar of Xom.
  3895 | D:4      | Reached skill level 3 in Spellcasting
  3994 | D:4      | Learned a level 1 spell: Shock
  4126 | D:4      | Noticed a wyvern
  4138 | D:4      | Killed a wyvern
  4138 | D:4      | Reached XP level 6. HP: 10/41 MP: 0/11
  4497 | D:5      | Entered Level 5 of the Dungeon
  4530 | D:5      | Reached skill level 1 in Fighting
  4530 | D:5      | Reached skill level 1 in Charms
  4547 | D:5      | Reached skill level 5 in Ice Magic
  4547 | D:5      | Your scales start taking on a fiery red colour.
  4547 | D:5      | Reached XP level 7. HP: 25/46 MP: 1/12
  4547 | D:5      | Gained mutation: Your flesh is heat resistant. (rF+) [Red Draconian growth]
  4657 | D:5      | Noticed a moth of wrath
  4660 | D:5      | Found a bloodstained altar of Trog.
  5029 | D:5      | Noticed Menkaure
  5032 | D:5      | Killed Menkaure
  5032 | D:5      | Reached skill level 4 in Spellcasting
  5052 | D:5      | Reached XP level 8. HP: 32/53 MP: 4/14
  5481 | D:6      | Reached ** piety under Hepliaklqana
  5482 | D:6      | Remembered your ancestor Aula as a hexer
  5717 | D:6      | Reached skill level 5 in Spellcasting
  5732 | D:6      | HP: 2/54 [wight/enchanted falchion (13)]
  5741 | D:6      | HP: 1/54 [wight/enchanted halberd (15)]
  5741 | D:6      | Mangled by a wight

Vault maps used:
D:1:      onia_arrival_zoo_common
D:2:      marbit_many_paths, fiery_altar_vehumet, lemuel_coloured_pillars_altar,
          lemuel_crystal_altar, first_bread
D:3:      old_standard_altar, overflow_temple_1_default, nemelex_altar_shiori
D:4:      kennysheep_mini, minmay_temple_entry_enclosed_plants,
          minmay_checkerbox, uniq_blork_the_orc, uniq_sigmund
D:5:      tgw_trog, uniq_menkaure
D:6:      uniq_crazy_yiuf_cottage

Skill      XL: |  1  2  3  4  5  6  7  8 |
---------------+-------------------------+-----
Dodging        | 2 3 |  3.5
Ice Magic      | 4 4 |  4.8
Stealth        | 2 |  2.9
Axes           | 1 2 3 4 |  4.9
Spellcasting   | 3 4 5 |  5.0
Fighting       | 1 2 |  2.2
Charms         | 1 2 |  2.1
Conjurations   | 2 |  2.0
Short Blades   | |  0.2
Air Magic      | |  0.8

Action                   |  1- 3 |  4- 6 |  7- 9 || total
-------------------------+-------+-------+-------++-------
Melee: Short sword       |     7 |       |       ||     7
       War axe           |    38 |    88 |    73 ||   199
       Tailslap          |     4 |    10 |     6 ||    20
 Cast: Freeze            |    43 |    21 |    25 ||    89
       Throw Frost       |    15 |     9 |    13 ||    37
       Ozocubu's Armour  |       |     9 |     9 ||    18
       Shock             |       |     9 |    18 ||    27
Invok: Recall Ancestor   |     1 |     1 |     2 ||     4
       Ancestor Life: He |       |       |     1 ||     1
 Abil: Breathe Fire      |       |       |     2 ||     2
  Use: Scroll            |       |     9 |     3 ||    12
       Potion            |       |       |     1 ||     1
 Stab: Sleeping          |     3 |     1 |       ||     4
       Distracted        |       |     1 |       ||     1
  Eat: Chunk             |     6 |     3 |     5 ||    14
       Meat ration       |       |     1 |       ||     1
       Fruit             |       |     1 |       ||     1
Armor: Skin              |    27 |    54 |    58 ||   139
Dodge: Dodged            |    44 |    86 |    96 ||   226
